General information
- name: BNet
- type: Ladder team game (AT/RT)
- host: Battle.net
- saver: JAMELMCCARDELL
map: TurtleRock
- players: 4
- length: 45:27
- speed: Fast
- version: 1.24 W3XP
- replay type: Public
» download(188 KB)
Players
team 1 (winner)
JAMELMCCARDELL (
blue | 101 APM | 4611 actions | 45:27)
6 Archmage
3 Summon Water Elemental
2 Brilliance Aura
1 Mass Teleport
» actions
| Assign group hotkey | 61 | |
| Basic commands | 25 | |
| Build / train | 130 | |
| ESC pressed | 7 | |
| Enter build submenu | 64 | |
| Enter hero's abilities submenu | 6 | |
| Give item / drop item | 5 | |
| Right click | 2630 | |
| Select / deselect | 638 | |
| Select group hotkey | 833 | |
| Use ability | 212 | |
4611 total
» units
| Peasant | 38 | |
| Dragonhawk Rider | 4 | |
| Gryphon Rider | 8 | |
| Siege Engine | 8 | |
58 total
» upgrades
| Masonry | 2 | |
| Lumber Harvesting | 1 | |
| Storm Hammers | 1 | |
| Barrage | 1 | |
| Swords | 1 | |
| Plating | 1 | |
7 total
» buildings
| Lumber Mill | 2 | |
| Scout Tower | 16 | |
| Guard Tower | 20 | |
| Town Hall | 5 | |
| Altar of Kings | 1 | |
| Farm | 9 | |
| Keep | 1 | |
| Arcane Vault | 3 | |
| Castle | 1 | |
| Gryphon Aviary | 4 | |
| Blacksmith | 1 | |
| Workshop | 2 | |
65 total
» build order
00:03 Lumber Mill
01:17 Scout Tower
01:18 Scout Tower
01:18 Scout Tower
01:20 Scout Tower
01:21 Scout Tower
01:43 Guard Tower
01:47 Guard Tower
01:48 Scout Tower
01:55 Scout Tower
02:15 Guard Tower
02:22 Guard Tower
03:30 Town Hall
03:42 Altar of Kings
03:44 Farm
03:57 Scout Tower
03:58 Scout Tower
04:01 Scout Tower
04:41 Guard Tower
04:42 Guard Tower
04:42 Guard Tower
04:43 Guard Tower
04:48 Guard Tower
04:54 Scout Tower
05:21 Scout Tower
05:27 Guard Tower
05:28 Guard Tower
05:54 Guard Tower
06:12 Scout Tower
07:03 Keep
07:03 Guard Tower
07:51 Arcane Vault
07:53 Scout Tower
07:55 Scout Tower
08:31 Farm
08:39 Guard Tower
08:41 Scout Tower
09:07 Guard Tower
09:26 Castle
09:29 Gryphon Aviary
09:30 Gryphon Aviary
09:33 Gryphon Aviary
10:06 Lumber Mill
10:20 Guard Tower
10:21 Guard Tower
10:26 Guard Tower
11:26 Farm
11:27 Farm
11:27 Farm
11:35 Farm
12:57 Arcane Vault
13:05 Gryphon Aviary
13:55 Farm
15:04 Arcane Vault
15:50 Town Hall
26:31 Town Hall
32:53 Blacksmith
34:11 Workshop
34:13 Workshop
35:14 Town Hall
39:45 Farm
39:56 Town Hall
» items
| Scroll of Regeneration | 11 | |
| Lesser Clarity Potion | 1 | |
| Ivory Tower | 4 | |
| Staff of Teleportation | 1 | |
| Boots of Speed | 1 | |
| Potion of Lesser Invulnerability | 2 | |
| Potion of Healing | 3 | |
| Scroll of Town Portal | 12 | |
| Dust of Appearance | 1 | |
36 total
MiNiON. (
red | 25 APM | 1141 actions | 45:27)
» actions
| Assign group hotkey | 11 | |
| Basic commands | 23 | |
| Build / train | 20 | |
| Enter build submenu | 9 | |
| Right click | 768 | |
| Select / deselect | 278 | |
| Select group hotkey | 5 | |
| Use ability | 27 | |
1141 total
» units
» buildings
| Lumber Mill | 1 | |
| Scout Tower | 5 | |
| Guard Tower | 5 | |
| Farm | 1 | |
| Altar of Kings | 1 | |
13 total
» build order
00:06 Lumber Mill
00:53 Scout Tower
00:54 Scout Tower
00:56 Scout Tower
01:21 Guard Tower
01:23 Guard Tower
01:27 Guard Tower
02:06 Scout Tower
03:42 Farm
03:45 Altar of Kings
04:20 Scout Tower
team 2 (loser)
dd16 (
green | 93 APM | 4169 actions | 44:39)
5 Crypt Lord
2 Carrion Beetles
3 Impale
4 Death Knight
2 Death Coil
2 Unholy Aura
» actions
| Assign group hotkey | 343 | |
| Basic commands | 365 | |
| Build / train | 70 | |
| Enter build submenu | 19 | |
| Enter hero's abilities submenu | 9 | |
| Give item / drop item | 5 | |
| Remove unit from queue | 2 | |
| Right click | 1499 | |
| Select / deselect | 494 | |
| Select group hotkey | 1234 | |
| Use ability | 129 | |
4169 total
» units
| Acolyte | 9 | |
| Ghoul | 10 | |
| Crypt Fiend | 11 | |
| Obsidian Statue | 5 | |
| Meatwagon | 1 | |
| Gargoyle | 3 | |
| Frost Wyrm | 1 | |
40 total
» upgrades
| Web | 1 | |
| Burrow | 1 | |
| Exhume Corpses | 1 | |
| Destroyer Form | 1 | |
| Stone Form | 1 | |
5 total
» buildings
| Crypt | 2 | |
| Graveyard | 1 | |
| Altar of Darkness | 1 | |
| Ziggurat | 5 | |
| Tomb of Relics | 1 | |
| Halls of the Dead | 1 | |
| Black Citadel | 2 | |
| Slaughterhouse | 2 | |
| Sacrificial Pit | 1 | |
| Boneyard | 1 | |
17 total
» build order
00:12 Crypt
00:23 Graveyard
00:45 Altar of Darkness
01:13 Ziggurat
02:31 Ziggurat
02:37 Tomb of Relics
04:05 Ziggurat
05:13 Halls of the Dead
07:59 Black Citadel
07:59 Black Citadel
09:09 Slaughterhouse
09:18 Sacrificial Pit
11:31 Ziggurat
13:05 Boneyard
13:42 Slaughterhouse
14:21 Ziggurat
17:39 Crypt
» items
| Rod of Necromancy | 1 | |
| Sacrificial Skull | 1 | |
| Potion of Lesser Invulnerability | 1 | |
| Scroll of Healing | 1 | |
| Scroll of Town Portal | 2 | |
| Boots of Speed | 1 | |
7 total
PpG (
pink | 30 APM | 1359 actions | 45:27)
5 Dark Ranger
3 Black Arrow
2 Silence
» actions
| Assign group hotkey | 16 | |
| Basic commands | 23 | |
| Build / train | 22 | |
| Enter build submenu | 12 | |
| Enter hero's abilities submenu | 6 | |
| Give item / drop item | 2 | |
| Right click | 547 | |
| Select / deselect | 238 | |
| Select group hotkey | 452 | |
| Use ability | 41 | |
1359 total
» units
» buildings
| Altar of Elders | 1 | |
| Moon Well | 2 | |
| Ancient of War | 2 | |
| Tree of Life | 3 | |
8 total
» build order
00:07 Altar of Elders
00:18 Moon Well
00:58 Ancient of War
01:42 Ancient of War
08:31 Tree of Life
13:05 Moon Well
15:41 Tree of Life
15:45 Tree of Life
» items
| Potion of Healing | 3 | |
| Orb of Corruption | 1 | |
4 total
Chat log
(16:36 / All) PpG: fuck q
(23:34 / All) MiNiON.: r u retarded/.
(26:47 / All) PpG: fuck your mother
(26:55 / All) MiNiON.: LMFAOO
(35:10 / All) MiNiON.: lol 2 boots of speed does nbothing noob
(37:59 / All) MiNiON.: gotcha bitch
(44:30 / All) MiNiON.: gg
(44:31 / All) MiNiON.: nubs
(44:40 / All) JAMELMCCARDELL: u kids suck
(44:44 / All) MiNiON.: u lost
(44:47 / All) MiNiON.: to tower rush